 Dungeon Crawl Stone Soup version 0.23-a0-642-g3120c2f (webtiles) character file.

68 Azzok the Digger (level 4, 27/30 HPs)
             Began as a Demonspawn Earth Elementalist on Dec 30, 2018.
             Quit the game on level 2 of the Dungeon.
             The game lasted 00:03:03 (2459 turns).

Azzok the Digger (Demonspawn Earth Elementalist)    Turns: 2459, Time: 00:03:03

Health: 27/30      AC:  6    Str:  8    XL:     4   Next: 1%
Magic:  2/8        EV: 12    Int: 17    God:
Gold:   32         SH:  0    Dex: 14    Spells: 5/9 levels left

rFire    . . .     SeeInvis .   b - +0 club
rCold    . . .     Gourm    .   (no shield)
rNeg     . . .     Faith    .   c - +0 robe
rPois    .         Spirit   .   (helmet restricted)
rElec    .         Reflect  .   (no cloak)
rCorr    .         Harm     .   (no gloves)
MR       .....                  k - +2 pair of boots
Stlth    ++........             (no amulet)
HPRegen  0.10/turn              (no ring)
MPRegen  0.11/turn              (no ring)

@: very slightly contaminated
A: horns 1, rugged brown scales 1, rot immunity
a: no special abilities


You were on level 2 of the Dungeon.
You were not hungry.

You visited 1 branch of the dungeon, and saw 2 of its levels.

You collected 32 gold pieces.

Inventory:

Hand Weapons
 b - a +0 club (weapon)
Missiles
 g - 24 stones (quivered)
Armour
 c - a +0 robe (worn)
 k - a +2 pair of boots (worn)
Scrolls
 a - 2 scrolls of identify {unknown}
 e - a scroll of fog {unknown}
 h - a scroll of amnesia {unknown}
 i - 2 scrolls of enchant armour {unknown}
Potions
 f - 2 potions of haste {unknown}
 l - a potion of curing {unknown}
Comestibles
 d - 2 rations


   Skills:
 - Level 1.7 Dodging
 - Level 1.7 Stealth
 + Level 3.0 Spellcasting
 + Level 0.8 Conjurations
   Level 0.8 Transmutations
 + Level 3.6 Earth Magic


You had 5 spell levels left.
You knew the following spells:

 Your Spells              Type           Power        Failure   Level  Hunger
a - Sandblast             Erth           ##....       4%          1    None
b - Stone Arrow           Conj/Erth      ##....       21%         3    ###....

Your spell library contained the following spells:

 Spells                   Type           Power        Failure   Level  Hunger
 Passwall                 Tmut/Erth      ##......     11%         2    ##.....
 Petrify                  Tmut/Erth      ##......     56%         4    ####...
 Lee's Rapid Deconstruct  Erth           ##........   73%         5    ######.


Dungeon Overview and Level Annotations

Branches:
Dungeon (2/15)

Altars:


Innate Abilities, Weirdness & Mutations

You have a pair of small horns on your head.
You are partially covered in rugged brown scales. (AC +1, +3% HP)
You are immune to rotting.


Message History

The jackal is severely wounded.
The jackal bites you. The jackal closely misses you.
You barely miss the jackal.
The jackal is severely wounded.
The jackal misses you. The jackal bites you.
You miss the jackal. Your headbutt misses the jackal.
The jackal is heavily wounded.
The jackal barely misses you. x2
You closely miss the jackal. Your headbutt misses the jackal.
The jackal is heavily wounded.
The jackal bites you but does no damage. x2
You closely miss the jackal.
The jackal is moderately wounded.
The jackal barely misses you.
You hit the jackal but do no damage. You headbutt the jackal.
You kill the jackal!
You have reached level 4!
You feel agile.
Your demonic ancestry asserts itself...
You feel immune to rotting.
Are you sure you want to abandon this character and quit the game? (Confirm

▒▒▒·· ▒·▒▒▒▒·▒▒▒· ▒·
··▒·▒▒▒·········· ▒·
▒·▒··▒▒▒▒▒······▒ ▒··
▒·▒▒'▒▒▒▒▒······▒ ▒···
▒·······▒▒▒▒·▒▒▒▒
▒···▒▒▒·······▒ ▒·▒
▒▒·············▒ ▒·▒
▒········▒▒▒▒·▒▒ ▒·▒
▒▒▒▒▒·····$@·▒ ▒·▒▒ ▒·▒
▒···▒········▒ ▒··▒ ▒·▒
▒···▒········▒ ▒▒·▒ ▒·▒
▒▒▒▒▒▒···▒········▒ ▒·▒▒ ▒·▒
·········▒········▒ ▒··▒ ▒·▒
▒▒▒▒▒▒···▒········▒▒▒▒▒▒·▒▒▒·▒
···▒·····▒▒▒······▒▒······▒▒·▒
▒▒╬▒·▒···▒ ▒······▒▒······▒▒·▒
······▒▒▒▒ ▒·······▒·▒


There were no monsters in sight!

Vanquished Creatures
  An adder (D:2)
  An ooze (D:1)
  A worm (D:2)
  A leopard gecko (D:2)
  A giant cockroach (D:2)
  8 goblins
  6 hobgoblins (D:1)
  4 jackals (D:2)
  8 bats
  4 frilled lizards
  7 kobolds
  6 rats
48 creatures vanquished.

Notes
Turn   | Place    | Note
-------+----------+-------------------------------------------
     0 | D:1      | Azzok the Demonspawn Earth Elementalist began the quest for
                  | the Orb.
     0 | D:1      | Reached XP level 1. HP: 13/13 MP: 3/3
   127 | D:1      | Gained mutation: You are partially covered in rugged brown
                  | scales. (AC +1, +3% HP) [demonic ancestry]
   127 | D:1      | Reached XP level 2. HP: 13/19 MP: 0/5
   753 | D:1      | Gained mutation: You have a pair of small horns on your
                  | head. [demonic ancestry]
   753 | D:1      | Reached XP level 3. HP: 21/24 MP: 7/7
   758 | D:1      | Learned a level 3 spell: Stone Arrow
  2458 | D:2      | Gained mutation: You are immune to rotting. [demonic
                  | ancestry]
  2458 | D:2      | Reached XP level 4. HP: 26/30 MP: 1/8
  2459 | D:2      | Quit the game

Vault maps used:
D:1:      minmay_arrival_diagonal_passages, fountainhead,
          hangedman_decor_slide_cut, grunt_decor_mini_mirrors
D:2:      kennysheep_slug_shrine

Skill      XL: |  1  2  3 |
---------------+----------+-----
Earth Magic    | 3 |  3.6
Spellcasting   | 3 |  3.0
Dodging        | |  1.7
Stealth        | |  1.7
Conjurations   | |  0.8
Transmutations | |  0.8

Action                   |  1- 3 |  4- 6 || total
-------------------------+-------+-------++-------
Melee: Unarmed           |    20 |       ||    20
       Club              |    51 |       ||    51
       Headbutt          |     7 |       ||     7
 Cast: Sandblast         |    35 |       ||    35
       Stone Arrow       |    22 |       ||    22
 Stab: Sleeping          |     1 |       ||     1
  Eat: Chunk             |     8 |       ||     8
Armor: Robe              |    43 |       ||    43
Dodge: Dodged            |    94 |       ||    94

Table legend:
 A = Non-vault XP
 B = Vault XP
 C = Vault XP percentage of total XP
 D = Non-vault monster count
 E = Vault monster count
 F = Vault count percentage of total count
                 A         B        C        D         E       F
            +---------+---------+-------+---------+---------+-------
      Total |      98 |       0 |   0.0 |      48 |       0 |   0.0
            +---------+---------+-------+---------+---------+-------
        D:1 |      57 |       0 |   0.0 |      33 |       0 |   0.0
        D:2 |      41 |       0 |   0.0 |      15 |       0 |   0.0
            +---------+---------+-------+---------+---------+-------
